 Dungeon Crawl Stone Soup version 0.23-a0-336-g43d87f4c55 (webtiles) character file.

355 Leibowitz the Sneak (level 6, -3/34 HPs)
             Began as a Kobold Enchanter on Oct 18, 2018.
             Killed by divine providence
             ... invoked by an orc priest
              (14 damage)
             ... on level 3 of the Dungeon.
             The game lasted 00:14:20 (4252 turns).

Leibowitz the Sneak (Kobold Enchanter)              Turns: 4252, Time: 00:14:21

Health: -3/34      AC:  2    Str:  6    XL:     6   Next: 95%
Magic:  6/11       EV: 18    Int: 18    God:
Gold:   117        SH:  6    Dex: 15    Spells: 6/12 levels left

rFire    . . .     SeeInvis .   a - +1 dagger (venom)
rCold    . . .     Gourm    .   l - +1 buckler
rNeg     . . .     Faith    .   b - +0 robe
rPois    .         Spirit   .   (no helmet)
rElec    .         Reflect  .   (no cloak)
rCorr    .         Harm     .   (no gloves)
MR       +....                  (no boots)
Stlth    +++.......             (no amulet)
HPRegen  0.11/turn              e - +3 ring of evasion
MPRegen  0.12/turn              p - ring of protection from magic

@: no status effects
A: small, carnivore
a: no special abilities


You were on level 3 of the Dungeon.
You were completely stuffed.

You visited 1 branch of the dungeon, and saw 3 of its levels.

You collected 117 gold pieces.

Inventory:

Hand Weapons
 a - a +1 dagger of venom (weapon)
 f - a +2 dagger
Missiles
 n - 5 poisoned needles
Armour
 b - a +0 robe (worn)
 l - a +1 buckler (worn)
Jewellery
 e - a +3 ring of evasion (left hand)
 p - a ring of protection from magic (right hand)
Scrolls
 s - a scroll of enchant armour
Potions
 g - 3 potions of agility
 h - 3 potions of ambrosia {unknown}
 j - 2 potions of might
 m - 2 potions of brilliance {unknown}
Comestibles
 c - 3 chunks of flesh
 d - 6 rations


   Skills:
 + Level 1.5 Fighting
 + Level 3.2 Short Blades
 * Level 3.6 Dodging
 + Level 5.9 Stealth
 * Level 1.5 Shields
 * Level 3.5 Spellcasting
 * Level 3.8 Hexes
 + Level 0.3 Ice Magic


You had 6 spell levels left.
You knew the following spells:

 Your Spells              Type           Power        Failure   Level  Hunger
a - Corona                Hex            ###....      4%          1    None
b - Ensorcelled Hibernat  Hex/Ice        ##....       14%         2    ##.....
c - Confuse               Hex            ###.....     14%         3    ###....

Your spell library contained the following spells:

 Spells                   Type           Power        Failure   Level  Hunger
 Tukima's Dance           Hex            ###.....     14%         3    ###....
 Dazzling Spray           Conj/Hex       ##....       30%         3    ###....


Dungeon Overview and Level Annotations

Branches:
Dungeon (3/15)

Altars:
Fedhas
Ru
Uskayaw


Innate Abilities, Weirdness & Mutations

You are small and have problems with some larger weapons.
You are carnivorous and can eat meat at any time.


Message History

You closely miss the orc priest.
The orc priest is lightly wounded.
The orc priest closely misses you.
You barely miss the orc priest.
The orc priest is moderately wounded.
The orc priest closely misses you.
You hit the orc priest but do no damage.
The orc priest looks as sick as possible!
The orc priest is moderately wounded.
You hit the orc priest but do no damage.
The orc priest looks as sick as possible!
The orc priest is moderately wounded.
The orc priest calls down the wrath of Beogh upon you.
Beogh smites you!
You hit the orc priest but do no damage.
The orc priest looks as sick as possible!
The orc priest is heavily wounded.
The orc priest invokes the aid of Beogh against you.
Beogh smites you!
You die...

#.............######
#.......)...(.#
#.............#
###.#...........#
#.._............#
#.#.#.....%.....#
#.#.....:.......#
#.......o.....[..
###..@o..........
##########...o.


You could see 2 orc priests.

Vanquished Creatures
  4 orc priests (D:3)
  3 orc wizards
  3 adders
  4 oozes
  4 worms
  3 dart slugs (D:1)
  A leopard gecko (D:2)
  9 orcs (D:3)
  7 bats
  4 giant cockroaches
  9 goblins
  9 hobgoblins
  4 jackals (D:2)
  8 kobolds
  2 quokkas
  2 ball pythons (D:2)
  A frilled lizard (D:1)
  10 rats
87 creatures vanquished.

Notes
Turn   | Place    | Note
-------+----------+-------------------------------------------
     0 | D:1      | Leibowitz the Kobold Enchanter began the quest for the Orb.
     0 | D:1      | Reached XP level 1. HP: 10/10 MP: 3/3
   168 | D:1      | Reached XP level 2. HP: 15/15 MP: 3/5
   172 | D:1      | Learned a level 2 spell: Ensorcelled Hibernation
   378 | D:1      | Reached XP level 3. HP: 11/19 MP: 2/6
   500 | D:1      | Learned a level 3 spell: Confuse
  1013 | D:2      | Reached skill level 5 in Stealth
  1030 | D:2      | Found a sacrificial altar of Ru.
  1039 | D:2      | Reached XP level 4. HP: 23/24 MP: 1/8
  2097 | D:2      | Found a faded altar of an unknown god.
  2210 | D:2      | Reached XP level 5. HP: 22/28 MP: 2/9
  2388 | D:2      | Found a blossoming altar of Fedhas.
  2662 | D:3      | Reached skill level 1 in Shields
  2748 | D:3      | Reached XP level 6. HP: 8/33 MP: 10/10
  3694 | D:3      | Reached skill level 1 in Fighting
  4212 | D:3      | Found a hide-covered altar of Uskayaw.
  4252 | D:3      | Killed from afar by an orc priest

Vault maps used:
D:1:      dpeg_arrival_rooms_with_view, st_stairs_9, minmay_hedge_maze,
          chequers_serial_rivers_micro_c, minivault_24
D:2:      nicolae_ru_great_annihilating_truth, chequers_ecumenical_altar_island,
          fedhas_altar_3
D:3:      lemuel_crystal_altar, minivault_11

Skill      XL: |  1  2  3  4  5  6 |
---------------+-------------------+-----
Stealth        | 5 |  5.9
Short Blades   | 2 3 |  3.2
Spellcasting   | 3 |  3.5
Dodging        | 3 |  3.6
Shields        | 1 |  1.5
Fighting       | 1 |  1.5
Hexes          | |  3.8
Ice Magic      | |  0.3

Action                   |  1- 3 |  4- 6 || total
-------------------------+-------+-------++-------
Melee: Dagger            |    60 |   281 ||   341
 Cast: Corona            |     4 |       ||     4
       Ensorcelled Hiber |    10 |    17 ||    27
       Confuse           |     4 |     3 ||     7
  Use: Scroll            |       |    11 ||    11
       Potion            |       |     4 ||     4
 Stab: Sleeping          |    10 |    16 ||    26
       Confused          |     2 |       ||     2
       Invisible         |     1 |       ||     1
       Paralysed         |       |     1 ||     1
  Eat: Chunk             |    10 |    12 ||    22
Armor: Robe              |     6 |    25 ||    31
Dodge: Dodged            |    35 |   175 ||   210
Block: Buckler           |     1 |    39 ||    40

Table legend:
 A = Non-vault XP
 B = Vault XP
 C = Vault XP percentage of total XP
 D = Non-vault monster count
 E = Vault monster count
 F = Vault count percentage of total count
                 A         B        C        D         E       F
            +---------+---------+-------+---------+---------+-------
      Total |     455 |      53 |  10.4 |      79 |       8 |   9.2
            +---------+---------+-------+---------+---------+-------
        D:1 |      27 |       9 |  25.0 |      14 |       4 |  22.2
        D:2 |      92 |      44 |  32.4 |      34 |       4 |  10.5
        D:3 |     336 |       0 |   0.0 |      31 |       0 |   0.0
            +---------+---------+-------+---------+---------+-------
